AoeStats
← SCORPION LUK825

Arabia

509137842Analyzed
1v1 RM · 8d ago on Sep 25, 2026· 59m 1s· 2 players
Game mode
Random Map
Map size
Tiny (2 player)
Population
200
Speed
Normal
Resources
Standard
Victory
Conquest
Starting age
Dark Age
Ending age
Imperial Age
RankedLock teamsTeams togetherTeam positionsShared explorationLock speedFull tech treeHidden civsTurbo modeCheats
Victory
Defeat
🇪🇸 Danes · Spain
772
+14
🇺🇸 Saxons · United States
731
-34
SCORPION LUK825
4:41 Loom
12:05 Feudal Age
13:15 Man-at-Arms
20:56 Wheelbarrow
22:45 Scale Barding Armor
25:30 Forging
27:01 Scale Mail Armor
31:37 Castle Age
30:58 Padded Archer Armor
30:53 Fletching
32:08 Crossbowman
32:15 Long Swordsman
33:12 Gambesons
36:15 Chain Mail Armor
39:32 Squires
40:50 Iron Casting
43:43 Elite Skirmisher
44:31 Bodkin Arrow
46:56 Padded Archer Armor
48:35 Leather Archer Armor
53:05 Imperial Age
51:04 Town Watch
52:17 Hand Cart
55:00 Two-Handed Swordsman
55:55 Champion
Valmor
5:16 Loom
10:26 Feudal Age
11:05 Double-Bit Axe
10:44 Man-at-Arms
13:35 Gold Mining
19:14 Scale Mail Armor
21:10 Arson
24:51 Forging
24:33 Fletching
25:50 Wheelbarrow
27:52 Castle Age
27:15 Horse Collar
27:45 Padded Archer Armor
27:46 Stone Mining
29:34 Chain Mail Armor
29:56 Iron Casting
28:59 Pikeman
29:27 Gambesons
30:48 Squires
33:07 Bow Saw
33:02 Heavy Plow
33:04 Bodkin Arrow
35:17 Hand Cart
40:16 Thumb Ring
39:32 Elite Skirmisher
43:06 Imperial Age
44:48 Elite Varangian Guard
46:45 Conscription
47:20 Town Watch
47:42 Bracer
48:15 Plate Mail Armor
49:40 Blast Furnace
49:30 Ballistics
50:12 Chemistry
49:08 Murder Holes
51:06 Hamask
51:57 Northmen's Fury
52:46 Elite Jomsviking
Connection lost

Rejoining the realm…

Still unreachable

The connection could not be restored.

Session expired

The server has moved on; the page needs a fresh start.